 Dungeon Crawl Stone Soup version 0.18.1-5-g4a78601 (webtiles) character file.

28 oplop the Chiller (level 3, 0/23 HPs)
             Began as an Octopode Ice Elementalist on May 13, 2016.
             Slain by a giant newt (2 damage)
             ... on level 1 of the Dungeon.
             The game lasted 00:01:34 (1042 turns).

oplop the Chiller (Octopode Ice Elementalist)       Turns: 1042, Time: 00:01:34

Health: 0/23       AC:  3    Str:  7    XL:     3   Next: 14%
Magic:  6/6        EV: 12    Int: 18    God:
Gold:   82         SH:  0    Dex: 14    Spells: 1 memorised, 6 levels left

rFire  . . .     SeeInvis .     (no weapon)
rCold  . . .     Gourm    .     (no shield)
rNeg   . . .     Faith    .     (helmet restricted)
rPois  .         Spirit   .     (no amulet)
rElec  .         Dismiss  .     (no ring)
rCorr  .         Reflect  .     (no ring)
SustAt .         Harm     .     (no ring)
MR     .....                    (no ring)
Stlth  +++.......               (no ring)
                                (no ring)
                                (no ring)
                                (no ring)

@: lethally poisoned (0 -> -5), not resistant to hostile enchantments, fairly
stealthy
A: almost no armour, amphibious, 8 rings, constrict 8, tentacle spike 1, thin
metallic scales 1, camouflage 1, agile 1, gelatinous body 1
a: no special abilities


You were on level 1 of the Dungeon.
You were not hungry.

You visited 1 branch of the dungeon, and saw 1 of its levels.

You collected 82 gold pieces.

Inventory:

Hand Weapons
 h - a +1 dagger of venom
Scrolls
 c - a scroll of amnesia {unknown}
 d - 2 scrolls of identify {unknown}
 g - a scroll of teleportation {unknown}
Books
 a - a book of Frost

   Spells                             Type                      Level
   a - Freeze                         Ice                          1
   b - Throw Frost                    Conjuration/Ice              2
   c - Ozocubu's Armour               Charms/Ice                   3
   d - Throw Icicle                   Conjuration/Ice              4
   e - Summon Ice Beast               Ice/Summoning                4
Comestibles
 b - a bread ration
 f - a meat ration


   Skills:
 + Level 1.3 Fighting
 - Level 2.0 Dodging
 - Level 2.6 Stealth
 + Level 2.5 Spellcasting
   Level 1.0 Conjurations
 + Level 3.3 Ice Magic


You had 6 spell levels left.
You knew the following spells:

 Your Spells              Type           Power        Failure   Level  Hunger
a - Freeze                Ice            ##..         6%          1    #......


Dungeon Overview and Level Annotations

Branches:
Dungeon (1/15)

Altars:


Innate Abilities, Weirdness & Mutations

You cannot wear most types of armour.
You are amphibious.
You can wear up to eight rings at the same time.
You can use your tentacles to constrict eight enemies at once.
Your skin changes colour to match your surroundings (Stealth).
Your rubbery body absorbs attacks (AC +1).
One of your tentacles bears a spike.
You are partially covered in thin metallic scales (AC +2).
You are agile. (Dex +2)


Message History

There is a lethal amount of poison in your body!
There is a lethal amount of poison in your body!
You feel sick.
You feel sick.
You feel sick.
You feel sick.
A giant newt comes into view.
You feel sick.
You feel sick.
You feel sick.
* * * LOW HITPOINT WARNING * * *
You feel sick. The giant newt bites you.
* * * LOW HITPOINT WARNING * * *
* * * LOW HITPOINT WARNING * * *
You feel sick. The giant newt barely misses you.
The giant newt closely misses you.
* * * LOW HITPOINT WARNING * * *
You feel sick. The giant newt bites you.
You die...

##+#........†.....#############.#
#.#..............# #.#
#.........####.########### #..
#########.## #.# #.......# #..
#.....# #.# #.......# #..
#.....###'###.......# #.#
#...........#..(.(..# #.#
#.####......#..†....# #.
#........l@......(..... ..
######.)....#.......### ###
###....(.#........#
##.####.####.########...# #
#'#.##...###.# ...# #
##.##'.....##.# .).#
###...###...###.# .#
##.....###.## #.# ....<(..####
#.#


You could see a giant newt.

Vanquished Creatures
  A dart slug (D:1)
  A giant gecko (D:1)
  2 bats (D:1)
  2 giant cockroaches (D:1)
  4 goblins (D:1)
  A hobgoblin (D:1)
  3 jackals (D:1)
  3 giant newts (D:1)
  5 kobolds (D:1)
  A rat (D:1)
23 creatures vanquished.

Notes
Turn   | Place    | Note
--------------------------------------------------------------
     0 | D:1      | oplop the Octopode Ice Elementalist began the quest for the Orb.
     0 | D:1      | Reached XP level 1. HP: 11/11 MP: 3/3
   220 | D:1      | Reached skill level 1 in Fighting
   220 | D:1      | Reached XP level 2. HP: 17/18 MP: 5/5
   736 | D:1      | Reached XP level 3. HP: 8/23 MP: 4/6
  1028 | D:1      | Gained mutation: One of your tentacles bears a spike. [potion of mutation]
  1028 | D:1      | Gained mutation: You are agile. (Dex +2) [potion of mutation]
  1028 | D:1      | Gained mutation: You are partially covered in thin metallic scales (AC +2). [potion of mutation]
  1042 | D:1      | Slain by a giant newt

Skill      XL: |  1 |
---------------+----+-----
Fighting       | 1 |  1.3
Dodging        | |  2.0
Stealth        | |  2.6
Spellcasting   | |  2.5
Conjurations   | |  1.0
Ice Magic      | |  3.3

Action                   || total
-------------------------++-------
Melee: Unarmed           ||    57
       Constrict         ||    17
       Tentacles         ||    12
 Cast: Freeze            ||     8
  Use: Potion            ||     1
 Stab: Sleeping          ||     3
Armor: Skin              ||     6
Dodge: Dodged            ||    40
